 Dungeon Crawl Stone Soup version 0.22-a0-422-g9628fc8 (webtiles) character file.

606 Mgcat the Thaumaturge (level 7, -17/45 HPs)
             Began as a Gnoll Wanderer on May 20, 2018.
             Was an Initiate of Vehumet.
             Killed from afar by Conn321's ghost (18 damage)
             ... with a flame tongue
             ... on level 4 of the Dungeon.
             The game lasted 00:11:10 (4210 turns).

Mgcat the Thaumaturge (Gnoll Wanderer)              Turns: 4210, Time: 00:11:11

Health: -17/45     AC:  2    Str: 13 (15) XL:     7   Next: 42%
Magic:  3/20       EV: 12    Int: 13 (16) God:    Vehumet [......]
Gold:   148        SH:  0    Dex: 11 (14) Spells: 10/25 levels left

rFire    . . .     SeeInvis .   j - +4 dagger (speed)
rCold    + . .     Gourm    .   (no shield)
rNeg     . . .     Faith    .   c - +0 robe
rPois    .         Spirit   .   (no helmet)
rElec    +         Reflect  .   (no cloak)
rCorr    .         Harm     .   (no gloves)
MR       +....     Clarity  +   (no boots) Stlth ++........Rnd*Tele +
                                (no amulet)
HPRegen  0.15/turn              g - ring of protection from cold {rC+, !d}
MPRegen  0.17/turn              s - ring of teleportation (curse) {+/*tele, !d}

@: very slightly contaminated, hasted, very quick
A: distributed training, fangs 1, clarity, frail 1, magic resistance 1,
electricity resistance, strong nose
a: Renounce Religion


You were on level 4 of the Dungeon.
You worshipped Vehumet.
Vehumet was noncommittal.
You were hungry.

You visited 1 branch of the dungeon, and saw 4 of its levels.
You also visited: Sewer.

You collected 148 gold pieces.

Inventory:

Hand Weapons
 j - a +4 dagger of speed (weapon)
   (You took it off a goblin on level 1 of the Dungeon)
Armour
 c - a +0 robe (worn)
 q - a +0 helmet
   (You took it off Robin on level 2 of the Dungeon)
Jewellery
 g - a ring of protection from cold (left hand) {rC+, !d}
   (You found it on level 1 of the Dungeon)
 s - a cursed ring of teleportation (right hand) {+/*tele, !d}
   (You found it on level 3 of the Dungeon)
Wands
 d - a wand of disintegration (11)
   (You found it on level 3 of the Dungeon)
Scrolls
 e - 2 scrolls of fog
 h - a scroll of immolation {!r}
 o - 2 scrolls of fear
 p - a scroll of teleportation
 t - a scroll of identify {unknown}
 u - a scroll of magic mapping {!r}
 v - a scroll of remove curse {unknown}
 w - a scroll of blinking {!r}
 x - a scroll of amnesia
Potions
 l - 2 potions of curing {unknown}
 m - 2 potions of ambrosia
 n - 2 potions of heal wounds {unknown}
 r - 2 potions of flight {unknown}
Comestibles
 f - 7 rations
 i - 5 chunks of flesh {@w0}


   Skills:
 + Level 2.4 Fighting
 + Level 2.4 Short Blades
 + Level 2.4 Long Blades
 + Level 2.4 Axes
 + Level 2.4 Maces & Flails
 + Level 2.4 Polearms
 + Level 2.4 Staves
 + Level 2.4 Slings
 + Level 2.4 Bows
 + Level 2.4 Crossbows
 + Level 3.6 Throwing
 + Level 2.4 Armour
 + Level 2.4 Dodging
 + Level 2.4 Stealth
 + Level 2.4 Shields
 + Level 2.4 Unarmed Combat
 + Level 9.6 Spellcasting
 + Level 2.0 Conjurations
 + Level 2.0 Hexes
 + Level 2.9 Charms
 + Level 2.0 Summonings
 + Level 2.0 Necromancy
 + Level 2.0 Translocations
 + Level 2.0 Transmutations
 + Level 5.8 Fire Magic
 + Level 2.0 Ice Magic
 + Level 2.0 Air Magic
 + Level 2.0 Earth Magic
 + Level 2.0 Poison Magic
 + Level 2.7 Invocations
 + Level 3.6 Evocations


You had 10 spell levels left.
You knew the following spells:

 Your Spells              Type           Power        Failure   Level  Hunger
a - Fireball              Conj/Fire      ###.......   54%         5    #####..
b - Throw Flame           Conj/Fire      ###...       3%          2    None
c - Sting                 Conj/Pois      ##..         4%          1    None
d - Conjure Flame         Conj/Fire      ###.....     7%          3    ##.....
e - Sticky Flame          Conj/Fire      ###.....     22%         4    ####...

Your spell library contained the following spells:

 Spells                   Type           Power        Failure   Level  Hunger
 Mephitic Cloud           Conj/Pois/Air  ##......     16%         3    ##.....
 Flame Tongue             Conj/Fire      ###..        2%          1    None
 Inner Flame              Hex/Fire       ###.....     7%          3    ##.....


Dungeon Overview and Level Annotations

Branches:
Dungeon (4/15)
 Temple: D:4-7

Altars:
Ru
Vehumet
Zin

Annotations:
D:2 1 runed door
D:3 1 runed door
D:4 Conn321's ghost, amateur OpFE


Innate Abilities, Weirdness & Mutations

Your experience applies equally to all skills.
You have very sharp teeth.
Your uncanny sense of smell can sniff out nearby items.
You possess an exceptional clarity of mind.
You are frail. (-10% HP)
You are resistant to hostile enchantments. (MR+)
You are resistant to electric shocks. (rElec)


Message History

Conn321's ghost casts a spell at you. The flame tongue misses you.
Casting: Throw Flame (safe; 3% risk of failure)
Confirm with . or Enter, or press ? or * to list all spells.
Aiming: Throw Flame (safe; 3% risk of failure)
Press: ? - help, Shift-Dir - straight line, f/p - Conn321's ghost
Aim: Conn321's ghost (severely damaged)
You miscast Throw Flame.
Sparks fly from your hands!
You are confused.
You feel invigorated. Conn321's ghost misses you.
You bump into the rock wall.
Conn321's ghost hits you.
You closely miss Conn321's ghost. Your bite misses Conn321's ghost.
Conn321's ghost is heavily damaged.
You bump into the rock wall.
Conn321's ghost stares at you and mumbles some strange words.
The flame tongue hits you!
* * * LOW HITPOINT WARNING * * *
You closely miss Conn321's ghost.
Conn321's ghost is heavily damaged.
You bump into the rock wall.
You bump into the rock wall.
Conn321's ghost hits you.
* * * LOW HITPOINT WARNING * * *
You closely miss Conn321's ghost. Your bite misses Conn321's ghost.
Conn321's ghost is heavily damaged.
Conn321's ghost hits you.
* * * LOW HITPOINT WARNING * * *
You bump into the rock wall.
You're too confused to move!
Conn321's ghost barely misses you.
You bump into the rock wall.
You feel less invigorated.
You feel less confused.
Conn321's ghost whispers, "Death is liberation."
Conn321's ghost hits you.
Casting: Throw Flame (safe; 3% risk of failure)
Confirm with . or Enter, or press ? or * to list all spells.
Aiming: Throw Flame (safe; 3% risk of failure)
Press: ? - help, Shift-Dir - straight line, f/p - Conn321's ghost
Aim: Conn321's ghost (heavily damaged)
The puff of flame misses Conn321's ghost.
Casting: Throw Flame (safe; 3% risk of failure)
Confirm with . or Enter, or press ? or * to list all spells.
Aiming: Throw Flame (safe; 3% risk of failure)
Press: ? - help, Shift-Dir - straight line, f/p - Conn321's ghost
Aim: Conn321's ghost (heavily damaged)
The puff of flame hits Conn321's ghost.
Conn321's ghost resists.
Conn321's ghost is severely damaged.
Conn321's ghost hits you.
Casting: Throw Flame (safe; 3% risk of failure)
Confirm with . or Enter, or press ? or * to list all spells.
Aiming: Throw Flame (safe; 3% risk of failure)
Press: ? - help, Shift-Dir - straight line, f/p - Conn321's ghost
Aim: Conn321's ghost (severely damaged)
The puff of flame misses Conn321's ghost.
Conn321's ghost hits you.
* * * LOW HITPOINT WARNING * * *
Casting: Throw Flame (safe; 3% risk of failure)
Confirm with . or Enter, or press ? or * to list all spells.
Aiming: Throw Flame (safe; 3% risk of failure)
Press: ? - help, Shift-Dir - straight line, f/p - Conn321's ghost
Aim: Conn321's ghost (severely damaged)
The puff of flame hits Conn321's ghost.
Conn321's ghost resists.
Conn321's ghost is severely damaged.
Casting: Throw Flame (safe; 3% risk of failure)
Confirm with . or Enter, or press ? or * to list all spells.
Aiming: Throw Flame (safe; 3% risk of failure)
Press: ? - help, Shift-Dir - straight line, f/p - Conn321's ghost
Aim: Conn321's ghost (severely damaged)
The puff of flame misses Conn321's ghost.
Conn321's ghost hits you.
* * * LOW HITPOINT WARNING * * *
Casting: Throw Flame (safe; 3% risk of failure)
Confirm with . or Enter, or press ? or * to list all spells.
Aiming: Throw Flame (safe; 3% risk of failure)
Press: ? - help, Shift-Dir - straight line, f/p - Conn321's ghost
Aim: Conn321's ghost (severely damaged)
The puff of flame misses Conn321's ghost.
Conn321's ghost closely misses you.
Casting: Throw Flame (safe; 3% risk of failure)
Confirm with . or Enter, or press ? or * to list all spells.
Aiming: Throw Flame (safe; 3% risk of failure)
Press: ? - help, Shift-Dir - straight line, f/p - Conn321's ghost
Aim: Conn321's ghost (severely damaged)
The puff of flame hits Conn321's ghost.
Conn321's ghost resists.
Conn321's ghost is almost destroyed.
Casting: Throw Flame (safe; 3% risk of failure)
Confirm with . or Enter, or press ? or * to list all spells.
Aiming: Throw Flame (safe; 3% risk of failure)
Press: ? - help, Shift-Dir - straight line, f/p - Conn321's ghost
Aim: Conn321's ghost (black smoke, almost destroyed)
The puff of flame misses Conn321's ghost.
Conn321's ghost hits you.
* * * LOW HITPOINT WARNING * * *
Casting: Throw Flame (safe; 3% risk of failure)
Confirm with . or Enter, or press ? or * to list all spells.
Aiming: Throw Flame (safe; 3% risk of failure)
Press: ? - help, Shift-Dir - straight line, f/p - Conn321's ghost
Aim: Conn321's ghost (almost destroyed)
The puff of flame misses Conn321's ghost.
Conn321's ghost stares at you and mumbles some strange words.
The flame tongue hits you!
You die...

####.#
.....###############.....
#≈.................>.....
..≈.....####.######......
.≈...##.## #.# #......
..≈......# #.# .......
#≈...##..# #.# ?......
.....###.###.#####[..#
.....##.........@W...#
..#####...##.#####...#
#.# #.. #.# §§§# #.# #.
#.# P.§# #.# #. ∆#.# ≈≈.#
#.# .∆ #.# ≈§§# ..# ..#
§§§. ..# ..# §≈§§# .


You could see Conn321's ghost.

Vanquished Creatures
  Sigmund (D:3)
  An ice beast (D:3)
  A big kobold (Sewer)
  A bullfrog skeleton (D:4)
  2 orc wizards (D:3)
  Robin (D:2)
  A howler monkey skeleton (D:3)
  4 adders
  2 river rats
  An ooze (D:1)
  3 worms
  A dart slug (D:1)
  A leopard gecko (D:1)
  2 orcs (D:3)
  2 ball pythons (D:2)
  6 bats
  2 giant cockroaches (D:1)
  17 goblins
  19 hobgoblins
  10 jackals
  A quokka (D:3)
  A ball python skeleton (D:4)
  6 frilled lizards
  13 kobolds
  A leopard gecko skeleton (D:4)
  14 rats
114 creatures vanquished.

Notes
Turn   | Place    | Note
-------+----------+-------------------------------------------
     0 | D:1      | Reached skill level 9 in Spellcasting
     0 | D:1      | Mgcat the Gnoll Wanderer began the quest for the Orb.
     0 | D:1      | Mgcat set off with: a +0 robe, a +0 club, a ration
     0 | D:1      | Reached XP level 1. HP: 13/13 MP: 10/10
     8 | D:1      | Learned a level 1 spell: Flame Tongue
    10 | D:1      | Learned a level 1 spell: Sting
    38 | D:1      | Reached skill level 2 in Charms
   127 | D:1      | Reached XP level 2. HP: 19/19 MP: 10/12
   180 | D:1      | Learned a level 2 spell: Throw Flame
   586 | D:1      | Reached XP level 3. HP: 25/25 MP: 8/13
  1059 | D:2      | Reached skill level 1 in Invocations
  1353 | D:2      | Reached skill level 1 in Fighting
  1353 | D:2      | Reached skill level 1 in Short Blades
  1353 | D:2      | Reached skill level 1 in Long Blades
  1353 | D:2      | Reached skill level 1 in Axes
  1353 | D:2      | Reached skill level 1 in Maces & Flails
  1353 | D:2      | Reached skill level 1 in Polearms
  1353 | D:2      | Reached skill level 1 in Staves
  1353 | D:2      | Reached skill level 1 in Slings
  1353 | D:2      | Reached skill level 1 in Bows
  1353 | D:2      | Reached skill level 1 in Crossbows
  1353 | D:2      | Reached skill level 1 in Armour
  1353 | D:2      | Reached skill level 1 in Dodging
  1353 | D:2      | Reached skill level 1 in Stealth
  1353 | D:2      | Reached skill level 1 in Shields
  1353 | D:2      | Reached skill level 1 in Unarmed Combat
  1416 | D:2      | Reached XP level 4. HP: 32/32 MP: 10/15
  1818 | D:2      | Found a runed door.
  2084 | D:3      | Reached skill level 1 in Conjurations
  2084 | D:3      | Reached skill level 1 in Hexes
  2084 | D:3      | Reached skill level 1 in Summonings
  2084 | D:3      | Reached skill level 1 in Necromancy
  2084 | D:3      | Reached skill level 1 in Translocations
  2084 | D:3      | Reached skill level 1 in Transmutations
  2084 | D:3      | Reached skill level 1 in Ice Magic
  2084 | D:3      | Reached skill level 1 in Air Magic
  2084 | D:3      | Reached skill level 1 in Earth Magic
  2084 | D:3      | Reached skill level 1 in Poison Magic
  2169 | D:3      | Learned a level 3 spell: Conjure Flame
  2174 | D:3      | Learned a level 4 spell: Sticky Flame
  2340 | D:3      | Noticed Robin
  2353 | D:2      | HP: 8/32 [Robin/club (4)]
  2354 | D:2      | Killed Robin
  2354 | D:2      | Reached XP level 5. HP: 9/37 MP: 0/16
  2796 | D:3      | Noticed Sigmund
  2805 | D:3      | Killed Sigmund
  2805 | D:3      | Reached skill level 3 in Throwing
  2805 | D:3      | Reached skill level 2 in Invocations
  2805 | D:3      | Reached skill level 3 in Evocations
  2805 | D:3      | Reached XP level 6. HP: 44/44 MP: 3/18
  3034 | D:3      | Noticed an angel
  3038 | D:3      | Found a glowing silver altar of Zin.
  3039 | D:3      | Found a runed door.
  3097 | D:3      | Found a radiant altar of Vehumet.
  3139 | D:3      | Reached skill level 2 in Fighting
  3139 | D:3      | Reached skill level 2 in Short Blades
  3139 | D:3      | Reached skill level 2 in Long Blades
  3139 | D:3      | Reached skill level 2 in Axes
  3139 | D:3      | Reached skill level 2 in Maces & Flails
  3139 | D:3      | Reached skill level 2 in Polearms
  3139 | D:3      | Reached skill level 2 in Staves
  3139 | D:3      | Reached skill level 2 in Slings
  3139 | D:3      | Reached skill level 2 in Bows
  3139 | D:3      | Reached skill level 2 in Crossbows
  3139 | D:3      | Reached skill level 2 in Armour
  3139 | D:3      | Reached skill level 2 in Dodging
  3139 | D:3      | Reached skill level 2 in Stealth
  3139 | D:3      | Reached skill level 2 in Shields
  3139 | D:3      | Reached skill level 2 in Unarmed Combat
  3165 | D:3      | Became a worshipper of Vehumet
  3350 | D:3      | Noticed an ice beast
  3366 | D:3      | Killed an ice beast
  3366 | D:3      | Reached XP level 7. HP: 35/50 MP: 1/20
  3581 | D:4      | Learned a level 5 spell: Fireball
  3581 | D:4      | Found a glowing drain.
  3593 | Sewer    | Entered a sewer
  3854 | Sewer    | Found a white marble altar of Elyvilon.
  4135 | D:4      | Found a sacrificial altar of Ru.
  4160 | D:4      | Reached skill level 2 in Conjurations
  4160 | D:4      | Reached skill level 2 in Hexes
  4160 | D:4      | Reached skill level 2 in Summonings
  4160 | D:4      | Reached skill level 2 in Necromancy
  4160 | D:4      | Reached skill level 2 in Translocations
  4160 | D:4      | Reached skill level 2 in Transmutations
  4160 | D:4      | Reached skill level 2 in Ice Magic
  4160 | D:4      | Reached skill level 2 in Air Magic
  4160 | D:4      | Reached skill level 2 in Earth Magic
  4160 | D:4      | Reached skill level 2 in Poison Magic
  4169 | D:4      | Noticed Conn321's ghost (amateur OpFE)
  4176 | D:4      | Gained mutation: You are frail. (-10% HP) [potion of mutation]
  4176 | D:4      | Gained mutation: You are resistant to hostile enchantments. (MR+) [potion of mutation]
  4176 | D:4      | Gained mutation: You possess an exceptional clarity of mind. [potion of mutation]
  4176 | D:4      | Gained mutation: You are resistant to electric shocks. (rElec) [potion of mutation]
  4193 | D:4      | HP: 6/45 [Conn321's ghost/flame tongue (13)]
  4198 | D:4      | HP: 10/45 [Conn321's ghost (5)]
  4204 | D:4      | HP: 8/45 [Conn321's ghost (6)]
  4209 | D:4      | HP: 1/45 [Conn321's ghost (4)]
  4210 | D:4      | Killed from afar by Conn321's ghost

Vault maps used:
D:1:      lemuel_arrival_river_ford
D:2:      minivault_11, hex_medium, uniq_crazy_yiuf_cottage
D:3:      vehumet_crystals, lemuel_angel_altar, uniq_robin, uniq_sigmund
D:4:      serial_undead, serial_undead_e, serial_undead_b, serial_undead_a,
          serial_undead_f, gup_ossuary_entry_pyramid, portal_sewer_entry_a,
          first_ration, nicolae_ru_path_of_blood
Sewer:    sewer_kobolds

Skill      XL: |  1  2  3  4  5  6  7 |
---------------+----------------------+-----
Spellcasting   | |  9.6
Charms         | 2 |  2.9
Invocations    | 1 2 |  2.7
Fighting       | 1 2 |  2.4
Short Blades   | 1 2 |  2.4
Long Blades    | 1 2 |  2.4
Axes           | 1 2 |  2.4
Maces & Flails | 1 2 |  2.4
Polearms       | 1 2 |  2.4
Staves         | 1 2 |  2.4
Slings         | 1 2 |  2.4
Bows           | 1 2 |  2.4
Crossbows      | 1 2 |  2.4
Armour         | 1 2 |  2.4
Dodging        | 1 2 |  2.4
Stealth        | 1 2 |  2.4
Shields        | 1 2 |  2.4
Unarmed Combat | 1 2 |  2.4
Conjurations   | 1 2 |  2.0
Hexes          | 1 2 |  2.0
Summonings     | 1 2 |  2.0
Necromancy     | 1 2 |  2.0
Translocations | 1 2 |  2.0
Transmutations | 1 2 |  2.0
Ice Magic      | 1 2 |  2.0
Air Magic      | 1 2 |  2.0
Earth Magic    | 1 2 |  2.0
Poison Magic   | 1 2 |  2.0
Throwing       | 3 |  3.6
Evocations     | 3 |  3.6
Fire Magic     | |  5.8

Action                   |  1- 3 |  4- 6 |  7- 9 || total
-------------------------+-------+-------+-------++-------
Melee: Club              |     3 |       |       ||     3
       Bite              |     1 |     2 |     2 ||     5
       Dagger            |       |    33 |    16 ||    49
 Cast: Flame Tongue      |    15 |    28 |       ||    43
       Sting             |     5 |       |       ||     5
       Throw Flame       |    51 |    84 |    64 ||   199
  Use: Scroll            |       |     9 |       ||     9
       Potion            |       |       |     5 ||     5
  Eat: Chunk             |     1 |     6 |     2 ||     9
Armor: Robe              |       |    11 |     3 ||    14
Dodge: Dodged            |     6 |    51 |    21 ||    78

Table legend:
 A = Spawn XP
 B = Non-spawn XP
 C = Spawn XP percentage of total XP
 D = Spawn monster count
 E = Non-spawn monster count
 F = Spawn count percentage of total count
 G = Total turns spent on level
                    A         B        C        D         E        F      G
               +---------+---------+-------+---------+---------+-------+---------
         Total |       0 |     866 |   0.0 |       0 |     114 |   0.0 |  4210
               +---------+---------+-------+---------+---------+-------+---------
           D:1 |       0 |      56 |   0.0 |       0 |      29 |   0.0 |  1057
           D:2 |       0 |      86 |   0.0 |       0 |      22 |   0.0 |  1540
           D:3 |       0 |     520 |   0.0 |       0 |      43 |   0.0 |   975
           D:4 |       0 |      80 |   0.0 |       0 |      11 |   0.0 |   333
         Sewer |       0 |     124 |   0.0 |       0 |       9 |   0.0 |   305
               +---------+---------+-------+---------+---------+-------+---------

Vault maps used:
D:1:      lemuel_arrival_river_ford
D:2:      minivault_11, hex_medium, uniq_crazy_yiuf_cottage
D:3:      vehumet_crystals, lemuel_angel_altar, uniq_robin, uniq_sigmund
D:4:      serial_undead, serial_undead_e, serial_undead_b, serial_undead_a,
          serial_undead_f, gup_ossuary_entry_pyramid, portal_sewer_entry_a,
          first_ration, nicolae_ru_path_of_blood
Sewer:    sewer_kobolds

Table legend:
 A = Turns spent in this place as a percentage of turns spent in the entire game.
 B = Non-inter-level travel turns spent in this place as a percentage of non-inter-level travel turns spent in the entire game.
 C = Inter-level travel turns spent in this place as a percentage of turns spent in this place.
 D = Turns resting spent in this place as a percentage of non-inter-level travel turns spent in this place.
 E = Turns spent auto-exploring this place as a percentage of non-inter-level travel turns spent in this place.
 F = Non-inter-level travel turns spent in this place divided by the number of levels of this place that you've seen.
                   A       B       C       D       E      F
               +-------+-------+-------+-------+-------+----------------------
         Total | 100.0 | 100.0 |   2.0 |   1.6 |  78.4 | 824.8
       Dungeon |  92.8 |  92.6 |   2.2 |   1.8 |  78.9 | 954.8
         Sewer |   7.2 |   7.4 |   0.0 |   0.0 |  71.8 | 305.0
               +-------+-------+-------+-------+-------+----------------------

Table legend:
 A = Kills in this place as a percentage of kills in entire the game.
 B = Kills by you in this place as a percentage of kills by you in the entire game.
 C = Kills by friends in this place as a percentage of kills by friends in the entire game.
 D = Other kills in this place as a percentage of other kills in the entire game.
 E = Experience gained in this place as a percentage of experience gained in the entire game.
 F = Experience gained in this place divided by the number of levels of this place that you have seen.
                   A       B       C       D       E      F
               +-------+-------+-------+-------+-------+----------------------
         Total | 100.0 | 100.0 |   N/A |   N/A | 100.0 | 173.2
       Dungeon |  92.1 |  92.1 |   N/A |   N/A |  85.7 | 185.5
         Sewer |   7.9 |   7.9 |   N/A |   N/A |  14.3 | 124.0
               +-------+-------+-------+-------+-------+----------------------
